AoeStats
← K

Arabia

510366126Analyzed
4v4 RM · 2d ago on Sep 30, 2026· 28m 53s· 8 players
Game mode
Random Map
Map size
Large (8 player)
Population
200
Speed
Normal
Resources
Standard
Victory
Conquest
Starting age
Dark Age
Ending age
Imperial Age
RankedLock teamsTeams togetherTeam positionsShared explorationLock speedFull tech treeHidden civsTurbo modeCheats
Victory
Defeat
🇬🇧 Khmer · United Kingdom
1156
+12
🇨🇳 Spanish · China
1152
+13
🇹🇼 Persians · Taiwan
1095
+15
🇮🇹 Teutons · Italy
1063
+16
🇵🇱 Mongols · Poland
1145
-16
🇹🇷 Cumans · Türkiye
1060
-14
🇹🇷 Saxons · Türkiye
1045
-13
🇦🇷 Wei · Argentina
1044
-13
Oscar_Lee
6:24 Loom
8:59 Feudal Age
9:30 Double-Bit Axe
9:26 Horse Collar
16:22 Wheelbarrow
20:40 Castle Age
19:46 Gold Mining
20:03 Scale Barding Armor
20:09 Forging
21:38 Bow Saw
21:29 Heavy Plow
21:43 Bloodlines
25:52 Husbandry
26:14 Chain Barding Armor
27:30 Hand Cart
29:48 Iron Casting
YuangXue
10:48 Feudal Age
15:46 Castle Age
14:51 Double-Bit Axe
14:49 Horse Collar
22:12 Padded Archer Armor
26:47 Bow Saw
26:31 Gold Mining
28:01 Leather Archer Armor
Flanker_08
11:55 Feudal Age
16:47 Castle Age
14:58 Horse Collar
15:08 Double-Bit Axe
18:08 Bow Saw
19:30 Wheelbarrow
20:50 Loom
23:08 Forging
23:06 Scale Barding Armor
23:51 Heavy Plow
25:23 Hand Cart
29:30 Iron Casting
K
10:27 Feudal Age
14:18 Loom
19:27 Castle Age
19:53 Forging
19:40 Double-Bit Axe
kubeszek
7:12 Loom
9:06 Feudal Age
11:01 Double-Bit Axe
14:16 Forging
18:15 Horse Collar
22:02 Bloodlines
25:13 Castle Age
25:05 Fletching
25:38 Padded Archer Armor
25:52 Bodkin Arrow
25:53 Light Cavalry
27:23 Husbandry
28:08 Wheelbarrow
Göt Yıkama Borusu
11:15 Feudal Age
11:50 Double-Bit Axe
11:50 Horse Collar
13:09 Loom
13:19 Stone Mining
13:43 Gold Mining
23:53 Castle Age
25:09 Bow Saw
25:06 Squires
25:26 Heavy Plow
25:45 Pikeman
26:46 Fletching
26:57 Padded Archer Armor
Anarşik
0:29 Loom
15:16 Feudal Age
16:00 Double-Bit Axe
16:52 Wheelbarrow
15:59 Horse Collar
20:49 Scale Mail Armor
22:03 Forging
Archimago del Kirin Tor
10:26 Feudal Age
11:07 Double-Bit Axe
11:02 Horse Collar
16:24 Gold Mining
17:35 Wheelbarrow
17:06 Stone Mining
17:56 Loom
20:43 Castle Age
19:53 Padded Archer Armor
22:08 Hand Cart
22:09 Bow Saw
23:02 Ballistics
23:35 Masonry
23:46 Town Watch
23:55 Fletching
24:42 Town Patrol
25:40 Heavy Plow
27:59 Scale Barding Armor
Connection lost

Rejoining the realm…

Still unreachable

The connection could not be restored.

Session expired

The server has moved on; the page needs a fresh start.